 Dungeon Crawl Stone Soup version 0.28.0-53-g5a82cb258f (webtiles) character file.

Game seed: 12481355703321440037

11740 sanboga the Cleaver (level 11, -1/151 HPs)
             Began as a Minotaur Berserker on June 11, 2022.
             Was a High Priest of Trog.
             Slain by trickyswaf's ghost (16 damage)
             ... on level 11 of the Dungeon.
             The game lasted 00:14:58 (13475 turns).

sanboga the Cleaver (Minotaur Berserker)           Turns: 13475, Time: 00:14:58

Health: -1/151     AC: 23    Str: 25    XL:     11   Next: 53%
Magic:  1/10       EV:  8    Int:  4    God:    Trog [*****.]
Gold:   243        SH:  0    Dex: 11    Spells: 10/10 levels left

rFire   + . .      SeeInvis .   a - +0 battleaxe
rCold   . . .      Faith    .   (shield currently unavailable)
rNeg    . . .      Spirit   .   c - +0 plate armour
rPois   .          Reflect  .   (helmet restricted)
rElec   .          Harm     .   f - +0 cloak
rCorr   .          Rampage  .   E - +0 pair of gloves
Will    .....                   y - +0 pair of boots
Stlth   ..........              (no amulet)
HPRegen 0.35/turn               k - +4 ring of protection
MPRegen 0.12/turn               v - ring of protection from fire

@: berserking (expiring), lethally poisoned (-1 -> -23), very quick
A: horns 2, retaliatory headbutt
a: Renounce Religion, Berserk, Trog's Hand, Brothers in Arms


You were on level 11 of the Dungeon.
You worshipped Trog.
Trog was extremely pleased with you.
You visited 2 branches of the dungeon, and saw 12 of its levels.
You also visited: Ossuary.

You collected 787 gold pieces.
You spent 544 gold pieces at shops.

Inventory:

Hand Weapons
 a - a +0 battleaxe (weapon)
 b - a +0 hand axe of flaming
 q - the +7 Throatcutter {drain, coup de grace}
   (You found it on level 6 of the Dungeon)

   A truly terrible weapon, it drains the life of any living foe it strikes.
   It may instantly kill foes which have little health.
Armour
 c - a +0 plate armour (worn)
 f - a +0 cloak (worn)
 t - the +5 robe of Night {Dark Will+ SInv}
   (You found it on level 7 of the Dungeon)

   It shrouds the wearer in darkness, reducing the range at which they can see
   and be seen by others.
   SInv:      It lets you see invisible.
   Will:      It increases your willpower.
 y - a +0 pair of boots (worn)
 E - a +0 pair of gloves (worn)
Jewellery
 k - a +4 ring of protection (left hand)
 v - a ring of protection from fire (right hand)
Wands
 l - a wand of paralysis (17)
 p - a wand of acid (2)
Scrolls
 d - 9 scrolls of teleportation
 i - a scroll of fear
 m - a scroll of enchant weapon
 n - a scroll of holy word
 o - 2 scrolls of enchant armour {unknown}
 s - a scroll of magic mapping
 x - a scroll of summoning {unknown}
 A - a scroll of fog {unknown}
 C - 2 scrolls of identify
 G - a scroll of acquirement {unknown}
 H - 3 scrolls of blinking
Potions
 e - 2 potions of heal wounds
 g - 8 potions of curing
 h - 2 potions of might {unknown}
 j - 3 potions of berserk rage
 r - a potion of mutation
 u - a potion of magic
 w - a potion of flight
 z - a potion of brilliance {unknown}
 D - a potion of lignification {unknown}
 F - a potion of invisibility {unknown}


   Skills:
 + Level 10.6 Fighting
 * Level 14.3 Axes
 + Level 10.3 Armour
 - Level 2.1 Dodging
 + Level 9.0 Unarmed Combat


You had 10 spell levels left.
You didn't know any spells.
Your spell library was empty.

Dungeon Overview and Level Annotations

Branches:
Dungeon (11/15)            Temple (1/1) D:5            Lair (0/6) D:10
    Orc (0/2) D:11        Ossuary (visited)

Altars:
Ashenzari
Cheibriados
Elyvilon
Gozag
Kikubaaqudgha
Okawaru
Qazlal
Vehumet
Wu Jian
Zin

Shops:
D:3 ?   D:4 !   D:9 [   D:10 :

Annotations:
D:11 SuperSeabass's ghost, journeyman DEFE; trickyswaf's ghost, journeyman DrBe


Innate Abilities, Weirdness & Mutations

You have a pair of horns on your head.
You reflexively headbutt those who attack you in melee.


Message History

SuperSeabass's ghost mumbles some strange words.
You completely miss SuperSeabass's ghost.
Your headbutt misses SuperSeabass's ghost.
SuperSeabass's ghost is moderately damaged.
You slice the mana viper!! You slash the ice beast! You hit trickyswaf's ghost.
You feel very sick.
The mana viper bites you but does no damage.
Trickyswaf's ghost completely misses you.
You completely miss SuperSeabass's ghost.
Your headbutt misses SuperSeabass's ghost.
SuperSeabass's ghost is moderately damaged.
You closely miss trickyswaf's ghost. You barely miss the ice beast.
You slice the mana viper!!
You feel the power of Trog in you as your rage grows.
You kill the mana viper!
The mana viper disappears in a puff of smoke!
You feel sick.
SuperSeabass's ghost hits you but does no damage.
You are more poisoned.
The ice beast hits you but does no damage.
Trickyswaf's ghost hits you!
* * * LOW HITPOINT WARNING * * *
You miss SuperSeabass's ghost.
SuperSeabass's ghost is moderately damaged.
You slice the ice beast!!
You kill the ice beast!
The ice beast disappears in a puff of smoke!
You barely miss trickyswaf's ghost.
You feel very sick. SuperSeabass's ghost hits you.
* * * LOW HITPOINT WARNING * * *
You are more poisoned.
You slash SuperSeabass's ghost!
Your headbutt misses SuperSeabass's ghost.
SuperSeabass's ghost is heavily damaged.
You hit trickyswaf's ghost but do no damage.
* * * LOW HITPOINT WARNING * * *
You feel very sick. Trickyswaf's ghost hits you!
You die...

######.##.=#.####### #.#
#.## ...........#.......#
#.# #.##
######.#...#######.# #.###
#... ###...#...# #.# #...#
####
#.........###############)#
# ##.#.###.#.......#.⌠.(##
#.# .................#....8#
#.# ##.#.###...####§.#Y....!
#.# #....###.......§@WS...!.
#.# ...........###...W.....⌠
#.#
#....###...####..'......##.#
##.#.# #.>.......#.....(#..#
...#.#
#.#####...#....8##########
#..#.###.####....#.⌠.$##
#.......
#................######
#.######
#.##.##.#####(..###.######.#
#.##.##.# ##.##..........#


You could see a mana viper (summoned), an ice beast (summoned), SuperSeabass's
ghost and trickyswaf's ghost.

Vanquished Creatures
  A boulder beetle (D:11)
  4 two-headed ogres
  A cyclops (D:10)
  3 centaur zombies
  The ghost of Woods the Insei, a novice GnTm (D:5)
  3 dream sheep (D:7)
  2 shadows (D:7)
  A wyvern (D:10)
  3 wraiths
  5 yaks (D:10)
  2 steam dragons
  2 wargs (D:11)
  Edmund (D:4)
  An acid dragon (D:9)
  2 ice beasts (D:7)
  4 orc warriors
  A hornet zombie (D:8)
  3 black bears (D:10)
  A necrophage (D:6)
  2 ogres
  5 centaurs (D:11)
  2 kobold brigands
  A gnoll sergeant (D:4)
  2 bullfrogs
  2 water moccasin zombies (D:5)
  A wyvern skeleton (D:7)
  8 scorpions
  4 killer bees (D:8)
  A howler monkey (D:8)
  5 jellies
  Crazy Yiuf (D:4)
  5 human zombies (Ossuary)
  6 hounds
  2 gnoll shamans
  7 orc priests
  2 iguanas
  11 orc wizards
  A statue (D:7)
  A killer bee zombie (D:8)
  2 hound zombies (Ossuary)
  4 mummies
  A howler monkey zombie (D:8)
  Robin (D:2)
  13 gnolls
  A howler monkey skeleton (D:6)
  3 adders
  2 adder zombies (Ossuary)
  3 worms
  3 dart slugs (D:3)
  35 orcs
  9 bats
  4 endoplasms
  2 giant cockroaches
  2 gnoll zombies (Ossuary)
  10 goblins
  15 hobgoblins
  2 jackals (D:3)
  20 kobolds
  3 quokkas
  5 ball pythons
  2 frilled lizards (D:1)
  4 goblin zombies (Ossuary)
  7 hobgoblin zombies (Ossuary)
  A jackal zombie (Ossuary)
  3 kobold zombies (Ossuary)
  2 orc zombies (Ossuary)
  3 quokka zombies (Ossuary)
  4 rats (D:1)
  4 rat zombies (Ossuary)
280 creatures vanquished.

Vanquished Creatures (others)
  A sky beast (D:5)
  An orc wizard (D:9)
  14 fungi
  16 plants
  6 withered plants (D:11)
38 creatures vanquished.

Grand Total: 318 creatures vanquished

Notes
Turn   | Place    | Note
-------+----------+-------------------------------------------
     0 | D:1      | sanboga the Minotaur Berserker began the quest for the Orb.
     0 | D:1      | Reached XP level 1. HP: 19/19 MP: 0/0
   356 | D:1      | Reached XP level 2. HP: 27/27 MP: 1/1
   359 | D:1      | Reached skill level 4 in Axes
   777 | D:1      | Reached ** piety under Trog
   778 | D:1      | Reached skill level 1 in Unarmed Combat
   955 | D:2      | Noticed a scorpion
   959 | D:2      | Killed a scorpion
   960 | D:2      | Reached XP level 3. HP: 33/33 MP: 2/2
   960 | D:2      | Reached XP level 4. HP: 40/40 MP: 3/3
  1027 | D:2      | Noticed Robin
  1044 | D:2      | Killed Robin
  1045 | D:2      | Reached skill level 5 in Axes
  1495 | D:2      | Found a faded altar of an unknown god.
  1901 | D:3      | Reached XP level 5. HP: 44/47 MP: 4/4
  1924 | D:3      | Found Uthel's Magic Scroll Boutique.
  1937 | D:3      | Bought a scroll of teleportation for 42 gold pieces
  1937 | D:3      | Bought a scroll of fear for 49 gold pieces
  1937 | D:3      | Bought a scroll of identify for 28 gold pieces
  2144 | D:3      | Reached *** piety under Trog
  2433 | D:3      | Reached XP level 6. HP: 22/55 MP: 5/5
  3189 | D:4      | Reached skill level 6 in Axes
  3194 | D:4      | Reached skill level 5 in Fighting
  3558 | D:3      | Bought a scroll of holy word for 105 gold pieces
  3581 | D:4      | Found a runed translucent door.
  3582 | D:4      | Noticed Crazy Yiuf
  3616 | D:4      | Killed Crazy Yiuf
  3886 | D:4      | Found Hedahopn's Distillery.
  3973 | D:4      | Noticed Edmund
  3977 | D:4      | Killed Edmund
  3978 | D:4      | Reached XP level 7. HP: 61/61 MP: 6/6
  4006 | D:5      | Entered Level 5 of the Dungeon
  4017 | D:5      | Reached skill level 7 in Axes
  4185 | D:4      | Bought a potion of attraction for 30 gold pieces
  4311 | D:5      | Reached skill level 5 in Armour
  4314 | D:5      | Found a staircase to the Ecumenical Temple.
  5148 | D:5      | Found a runed translucent gate.
  5149 | D:5      | Found a runed translucent gate.
  5150 | D:5      | Found a runed translucent gate.
  5152 | D:5      | Noticed Woods's ghost (novice GnTm)
  5220 | D:5      | Found a snail-covered altar of Cheibriados.
  5368 | D:5      | Reached XP level 8. HP: 70/70 MP: 7/7
  5372 | D:5      | Killed Woods's ghost
  5373 | D:5      | Reached skill level 8 in Axes
  5822 | D:6      | Reached skill level 9 in Axes
  5822 | D:6      | Reached skill level 5 in Unarmed Combat
  6157 | D:6      | Found the +7 Throatcutter {drain, coup de grace}
  6220 | D:6      | Noticed a two-headed ogre
  6226 | D:6      | Reached XP level 9. HP: 73/79 MP: 8/8
  6234 | D:6      | Killed a two-headed ogre
  6235 | D:6      | Reached skill level 10 in Axes
  6504 | D:4      | Bought a potion of mutation for 80 gold pieces
  6584 | Temple   | Entered the Ecumenical Temple
  6888 | D:7      | Reached **** piety under Trog
  6966 | D:7      | Found a sand-covered staircase.
  6975 | Ossuary  | Entered an ossuary
  7272 | Ossuary  | Reached skill level 11 in Axes
  7365 | D:7      | Found a radiant altar of Vehumet.
  7429 | D:7      | Reached ***** piety under Trog
  7671 | D:7      | Reached XP level 10. HP: 71/90 MP: 9/9
  7682 | D:7      | Found the +5 robe of Night {Dark Will+ SInv}
  8044 | D:7      | Noticed a two-headed ogre
  8047 | D:7      | Killed a two-headed ogre
  8048 | D:7      | Reached skill level 12 in Axes
  8250 | D:7      | Found a white marble altar of Elyvilon.
  8250 | D:7      | Found a glowing silver altar of Zin.
  8482 | D:3      | Bought a scroll of torment for 105 gold pieces
 10091 | D:3      | Bought a scroll of vulnerability for 105 gold pieces
 10320 | D:9      | Found Pynnyogh's Armour Shoppe.
 10356 | D:9      | Found a broken altar of Ashenzari.
 10535 | D:9      | You fall into a shaft and drop 1 floor!
 10535 | D:10     | Entered Level 10 of the Dungeon
 10535 | D:10     | Noticed a cyclops
 10542 | D:10     | Killed a cyclops
 10718 | D:10     | Found Difeleke's Self-Improvement Boutique.
 10754 | D:10     | Reached skill level 13 in Axes
 10792 | D:10     | Noticed a two-headed ogre
 10806 | D:10     | Killed a two-headed ogre
 10807 | D:10     | Reached XP level 11. HP: 36/99 MP: 10/10
 11216 | D:10     | Found a staircase to the Lair.
 11221 | D:10     | Reached skill level 10 in Fighting
 11384 | D:10     | Found Sefyofut's Distillery.
 11443 | D:10     | Found an ornate altar of the Wu Jian Council.
 11830 | D:10     | Noticed a two-headed ogre
 11837 | D:10     | Killed a two-headed ogre
 12030 | D:11     | Reached skill level 10 in Armour
 12045 | D:11     | Found a staircase to the Orcish Mines.
 12233 | D:11     | Reached skill level 14 in Axes
 12428 | D:11     | Found a stormy altar of Qazlal.
 12866 | D:11     | Noticed a boulder beetle
 12877 | D:11     | Killed a boulder beetle
 13081 | D:11     | Found a runed translucent gate.
 13083 | D:11     | Found a runed translucent gate.
 13084 | D:11     | Found a runed translucent gate.
 13085 | D:11     | Noticed trickyswaf's ghost (journeyman DrBe)
 13085 | D:11     | Noticed SuperSeabass's ghost (journeyman DEFE)
 13457 | D:11     | Noticed a mana viper
 13457 | D:11     | Noticed a mana viper
 13457 | D:11     | Noticed a mana viper
 13469 | D:11     | Noticed a mana viper
 13475 | D:11     | Slain by trickyswaf's ghost

Illustrated notes

Levels and vault maps discovered:
D:1:      dpeg_arrival_long_road, layout_loops_ring, st_stairs_3,
          minmay_tetromino_i4
D:2:      layout_basic, shapermc_ecumenical_altar_petra, uniq_robin
D:3:      layout_loops_cross, serial_shops, nicolae_diamond_shop,
          minmay_door_square, dk_noncrumbling_3
D:4:      layout_basic, serial_shops, nicolae_shop_stone,
          uniq_crazy_yiuf_cottage, uniq_edmund
D:5:      layout_loops_ring, slow_altar_2, minmay_temple_entry_trees,
          gammafunk_ghost_nasty_kobolds
D:6:      layout_loops_ring, grunt_tough_drop
D:7:      layout_gridville, mainiacjoe_overflow_divided_tiny, vehumet_statue,
          enter_ossuary_3, chequers_serial_rivers_micro_e,
          hellmonk_guarded_unrand_night
D:8:      layout_layer_cave
D:9:      layout_cave_pools, evilmike_ruin_ashenzari, serial_shops, shop
D:10:     layout_gridville, mainiacjoe_overflow_24_doors,
          grunt_lair_entry_orc_guard_hut, serial_shops, shop,
          nicolae_shop_self_help
D:11:     layout_loops_ring, erik_orc_3, gammafunk_ghost_cemetery,
          nicolae_qazlal_scattered_showers
Temple:   eino_temple_rhombus

Skill      XL: |  1  2  3  4  5  6  7  8  9 10 11 |
---------------+----------------------------------+-----
Axes           | 4 5 6 7 9 11 13 14 | 14.3
Unarmed Combat | 1 2 3 4 5 6 8 9 |  9.0
Fighting       | 4 5 6 7 8 9 10 | 10.6
Armour         | 3 4 5 6 8 9 10 | 10.3
Dodging        | |  2.1

Action                   |  1- 3 |  4- 6 |  7- 9 | 10-12 || total
-------------------------+-------+-------+-------+-------++-------
Melee: Hand axe          |    61 |   164 |   202 |       ||   427
       Headbutt          |     2 |    24 |    59 |    59 ||   144
       Punch             |       |     4 |     7 |       ||    11
       Battleaxe         |       |       |    84 |   270 ||   354
Invok: Berserk           |     1 |     3 |     5 |     5 ||    14
Evoke: Wand              |       |     5 |       |       ||     5
  Use: Scroll            |       |     5 |     4 |     3 ||    12
       Potion            |       |       |       |     1 ||     1
 Stab: Sleeping          |     1 |       |       |       ||     1
Armor: Animal skin       |     4 |       |       |       ||     4
       Plate armour      |    30 |    92 |   173 |   272 ||   567
Dodge: Dodged            |    25 |    58 |    87 |   113 ||   283
